TOP OF THE 1ST |
---|
Greenville 84s batting - Pitching for Orlando Calrissian : LHP Mike Murray | Pitching: LHP Mike Murray | | Batting: RHB Carlos Torres | 0-0: Ball 1-0: DOUBLE (Line Drive, 9LM) | Batting: LHB Paco Rosas | 0-0: Foul Ball, location: 2F 0-1: Ground out 4-3 (Groundball, 4) Carlos Torres to third | Batting: RHB Enzo Díaz | 0-0: Ball 1-0: Foul Ball, location: 2F 1-1: Ball 2-1: Foul Ball, location: 2F 2-2: Ball 3-2: Ground out 1-3 (Groundball, 13) | Batting: LHB Juan Cortés | 0-0: Called Strike 0-1: Called Strike 0-2: Fly out, F7 (Flyball, 7) | Top of the 1st over - 0 runs, 1 hit, 0 errors, 1 left on base; Greenville 0 - Orlando 0 | BOTTOM OF THE 1ST |
---|
Orlando Calrissian batting - Pitching for Greenville 84s : LHP Darrell Harding | Pitching: LHP Darrell Harding | | Batting: RHB Jesús Gonzáles | 0-0: Ground out 1-3 (Groundball, 15) | Batting: LHB Craig Kenney | 0-0: Ball 1-0: Called Strike 1-1: Ball 2-1: Ground out 6-3 (Groundball, 6) | Batting: RHB Rich Anderson | 0-0: Called Strike 0-1: Ball 1-1: Ball 2-1: Swinging Strike 2-2: Foul Ball, location: 2F 2-2: DOUBLE (Line Drive, 7LS) | Batting: RHB Raúl Canó | 0-0: Called Strike 0-1: Swinging Strike 0-2: Ball 1-2: Ball 2-2: Ball Passed Ball! Rich Anderson to third 3-2: Strikes out swinging | Bottom of the 1st over - 0 runs, 1 hit, 0 errors, 1 left on base; Greenville 0 - Orlando 0 | TOP OF THE 2ND |
---|
Greenville 84s batting - Pitching for Orlando Calrissian : LHP Mike Murray | Batting: LHB Brock Larsen | 0-0: Ball 1-0: Called Strike 1-1: Foul Ball, location: 2F 1-2: DOUBLE (Line Drive, 78XD) | Batting: LHB Jimmy Vickers | 0-0: Ball 1-0: Swinging Strike 1-1: Swinging Strike 1-2: Strikes out swinging | Batting: RHB Robert Buckley | 0-0: Swinging Strike 0-1: Called Strike 0-2: Ball 1-2: Fly out, F8 (Flyball, 8RXD) Runner from 2nd tags up, SAFE at 3rd, no throw | Batting: LHB Robert Moore | 0-0: Ball 1-0: Ball 2-0: Called Strike 2-1: Foul Ball, location: 2F 2-2: Strikes out swinging | Top of the 2nd over - 0 runs, 1 hit, 0 errors, 1 left on base; Greenville 0 - Orlando 0 | BOTTOM OF THE 2ND |
---|
Orlando Calrissian batting - Pitching for Greenville 84s : LHP Darrell Harding | Batting: SHB Tim Abbott | 0-0: Ball 1-0: Fly out, F4 (Line Drive, 4) | Batting: RHB Júlio Negrón | 0-0: Called Strike 0-1: Ball 1-1: Ball 2-1: Foul Ball, location: 2F 2-2: Ball 3-2: Strikes out looking | Batting: LHB Juan Colón | 0-0: Ball 1-0: Called Strike 1-1: Ball 2-1: Ball 3-1: Called Strike 3-2: Foul Ball, location: 2F 3-2: Fly out, F8 (Flyball, 8LXD) | Bottom of the 2nd over - 0 runs, 0 hits, 0 errors, 0 left on base; Greenville 0 - Orlando 0 | TOP OF THE 3RD |
---|
Greenville 84s batting - Pitching for Orlando Calrissian : LHP Mike Murray | Batting: LHB Chris Moore | 0-0: Called Strike 0-1: Swinging Strike 0-2: Strikes out swinging | Batting: RHB Carlos Torres | 0-0: Swinging Strike 0-1: Swinging Strike 0-2: Ball 1-2: Ball 2-2: Foul Ball, location: 2F 2-2: Fly out, F8 (Flyball, 89D) | Batting: LHB Paco Rosas | 0-0: Swinging Strike 0-1: Ball 1-1: Ball 2-1: Ball 3-1: SINGLE (Line Drive, 34D) | Batting: RHB Enzo Díaz | 0-0: Foul Ball, location: 2F 0-1: Foul Ball, location: 2F 0-2: Hit by Pitch Paco Rosas to second | Batting: LHB Juan Cortés | 0-0: Ball 1-0: Ground out 4-3 (Groundball, 4) | Top of the 3rd over - 0 runs, 1 hit, 0 errors, 2 left on base; Greenville 0 - Orlando 0 | BOTTOM OF THE 3RD |
---|
Orlando Calrissian batting - Pitching for Greenville 84s : LHP Darrell Harding | Batting: LHB Danny Allen | 0-0: Foul Ball, location: 2F 0-1: Ground out 4-3 (Groundball, 4) | Batting: RHB Keith Sims | 0-0: Ball 1-0: Ball 2-0: Called Strike 2-1: SINGLE (Groundball, 6MD) | Batting: RHB Jesús Gonzáles | 0-0: Ball 1-0: Foul Ball, location: 2F 1-1: Called Strike 1-2: Ball 2-2: Strikes out swinging | Batting: LHB Craig Kenney | 0-0: Swinging Strike 0-1: Ball 1-1: Ball 2-1: Foul Ball, location: 2F 2-2: Foul Ball, location: 2F 2-2: Strikes out looking | Bottom of the 3rd over - 0 runs, 1 hit, 0 errors, 1 left on base; Greenville 0 - Orlando 0 | TOP OF THE 4TH |
---|
Greenville 84s batting - Pitching for Orlando Calrissian : LHP Mike Murray | Batting: LHB Brock Larsen | 0-0: Ball 1-0: SINGLE (Groundball, 56D) | Batting: LHB Jimmy Vickers | 0-0: Called Strike 0-1: Called Strike 0-2: Foul Ball, location: 2F 0-2: Ball 1-2: Ball 2-2: Strikes out looking | Batting: RHB Robert Buckley | 0-0: Ball 1-0: Ball 2-0: Ball 3-0: Base on Balls Brock Larsen to second | Batting: LHB Robert Moore | 0-0: Ball 1-0: Foul Ball, location: 2F 1-1: Ball 2-1: Called Strike 2-2: Ball 3-2: Strikes out swinging | Batting: LHB Chris Moore | 0-0: Called Strike 0-1: Called Strike 0-2: Ball Wild Pitch! Brock Larsen to third Robert Buckley to second 1-2: Ball 2-2: Ball 3-2: Ground out 6-3 (Groundball, 6) | Top of the 4th over - 0 runs, 1 hit, 0 errors, 2 left on base; Greenville 0 - Orlando 0 | BOTTOM OF THE 4TH |
---|
Orlando Calrissian batting - Pitching for Greenville 84s : LHP Darrell Harding | Batting: RHB Rich Anderson | 0-0: Ball 1-0: Called Strike 1-1: Ball 2-1: Ball 3-1: Base on Balls | Batting: RHB Raúl Canó | 0-0: Ball 1-0: TRIPLE (Groundball, 3L) Rich Anderson scores | Batting: SHB Tim Abbott | 0-0: Ball 1-0: Called Strike 1-1: Ball 2-1: Foul Ball, location: 2F 2-2: Strikes out looking | Batting: RHB Júlio Negrón | 0-0: Swinging Strike 0-1: Swinging Strike 0-2: Strikes out looking | Batting: LHB Juan Colón | 0-0: Ball 1-0: Ball 2-0: Foul Ball, location: 2F 2-1: Ball 3-1: 2-RUN HOME RUN (Flyball, 9LD), Distance : 345 ft | Batting: LHB Danny Allen | 0-0: Foul Ball, location: 2F 0-1: Foul Ball, location: 2F 0-2: Ball 1-2: Foul Ball, location: 2F 1-2: Foul Ball, location: 2F 1-2: Foul Ball, location: 2F 1-2: Ball 2-2: Ball 3-2: Foul Ball, location: 2F 3-2: Foul Ball, location: 2F 3-2: Ground out 4-3 (Groundball, 4) | Bottom of the 4th over - 3 runs, 2 hits, 0 errors, 0 left on base; Greenville 0 - Orlando 3 | TOP OF THE 5TH |
---|
Greenville 84s batting - Pitching for Orlando Calrissian : LHP Mike Murray | Batting: RHB Carlos Torres | 0-0: Bunted foul 0-1: Ground out 4-3 (Groundball, 34) | Batting: LHB Paco Rosas | 0-0: Called Strike 0-1: Swinging Strike 0-2: SINGLE (Line Drive, 7S) | Batting: RHB Enzo Díaz | 0-0: Ball 1-0: Ball 2-0: Ball 3-0: Called Strike 3-1: Base on Balls Paco Rosas to second | Batting: LHB Juan Cortés | 0-0: Ball 1-0: SINGLE (Groundball, 4S) (infield hit) Paco Rosas to third Enzo Díaz to second | Batting: LHB Brock Larsen | 0-0: Ball 1-0: Ball 2-0: Called Strike 2-1: DOUBLE (Flyball, 78D) Paco Rosas scores Enzo Díaz scores Juan Cortés to third | Pitching: RHP Gerardo García | | Batting: LHB Jimmy Vickers | 0-0: Swinging Strike 0-1: Ground out 6-3 (Groundball, 56) | Batting: RHB Robert Buckley | 0-0: Foul Ball, location: 2F 0-1: Ball 1-1: DOUBLE (Flyball, 8LXD) Juan Cortés scores Brock Larsen scores | Batting: LHB Robert Moore | 0-0: Foul Ball, location: 2F 0-1: Reached on error, E3 (Groundball, 34S) Robert Buckley to third | Batting: LHB Chris Moore | 0-0: Foul Ball, location: 2F 0-1: Ball 1-1: Ball 2-1: Foul Ball, location: 2F 2-2: Strikes out swinging | Top of the 5th over - 4 runs, 4 hits, 1 error, 2 left on base; Greenville 4 - Orlando 3 | BOTTOM OF THE 5TH |
---|
Orlando Calrissian batting - Pitching for Greenville 84s : LHP Darrell Harding | Batting: RHB Keith Sims | 0-0: Ball 1-0: Foul Ball, location: 2F 1-1: Swinging Strike 1-2: Ball 2-2: Foul Ball, location: 2F 2-2: Strikes out swinging | Batting: RHB Jesús Gonzáles | 0-0: Ball 1-0: Called Strike 1-1: Called Strike 1-2: Strikes out swinging | Batting: LHB Craig Kenney | 0-0: Ball 1-0: Swinging Strike 1-1: Ball 2-1: Ground out U3 (Groundball, 34) | Bottom of the 5th over - 0 runs, 0 hits, 0 errors, 0 left on base; Greenville 4 - Orlando 3 | TOP OF THE 6TH |
---|
Greenville 84s batting - Pitching for Orlando Calrissian : RHP Gerardo García | Batting: RHB Carlos Torres | 0-0: Ball 1-0: Fly out, F9 (Flyball, 9S) | Batting: LHB Paco Rosas | 0-0: Fly out, F8 (Flyball, 8RS) | Batting: RHB Enzo Díaz | 0-0: Called Strike 0-1: Fly out, F3 (Popup, 3SF) | Top of the 6th over - 0 runs, 0 hits, 0 errors, 0 left on base; Greenville 4 - Orlando 3 | BOTTOM OF THE 6TH |
---|
Orlando Calrissian batting - Pitching for Greenville 84s : LHP Darrell Harding | Pitching: RHP Tomás González | | Batting: RHB Rich Anderson | 0-0: Foul Ball, location: 2F 0-1: Ball 1-1: Foul Ball, location: 2F 1-2: Ground out 6-3 (Groundball, 6) | Batting: RHB Raúl Canó | 0-0: Foul Ball, location: 2F 0-1: Ball 1-1: Called Strike 1-2: Ground out 4-3 (Groundball, 4) | Batting: SHB Tim Abbott | 0-0: Ball 1-0: Ball 2-0: Ball 3-0: Called Strike 3-1: Foul Ball, location: 2F 3-2: Foul Ball, location: 2F 3-2: SINGLE (Groundball, 6MD) | Batting: RHB Júlio Negrón | 0-0: Foul Ball, location: 2F 0-1: Ball Wild Pitch! Tim Abbott to second 1-1: SINGLE (Flyball, 78S) Tim Abbott to third Runner from 3rd tries for Home, SAFE, throw made home | Batting: LHB Juan Colón | 0-0: Called Strike 0-1: Ball 1-1: Foul Ball, location: 2F 1-2: Ball 2-2: Ball 3-2: Foul Ball, location: 2F 3-2: Strikes out swinging | Bottom of the 6th over - 1 run, 2 hits, 0 errors, 1 left on base; Greenville 4 - Orlando 4 | TOP OF THE 7TH |
---|
Greenville 84s batting - Pitching for Orlando Calrissian : RHP Gerardo García | Batting: LHB Juan Cortés | 0-0: Called Strike 0-1: Swinging Strike 0-2: Ball 1-2: Foul Ball, location: 2F 1-2: Strikes out swinging | Batting: LHB Brock Larsen | 0-0: Ball 1-0: Ball 2-0: SINGLE (Groundball, 5D) | Batting: LHB Jimmy Vickers | 0-0: Ball 1-0: SINGLE (Groundball, 6MD) Brock Larsen to second Runner from 2nd tries for 3rd, OUT! Jimmy Vickers to second | Batting: RHB Robert Buckley | 0-0: Fly out, F7 (Flyball, 7) | Top of the 7th over - 0 runs, 2 hits, 0 errors, 1 left on base; Greenville 4 - Orlando 4 | BOTTOM OF THE 7TH |
---|
Orlando Calrissian batting - Pitching for Greenville 84s : RHP Tomás González | Pitching: LHP Sam Kettley | | Batting: LHB Danny Allen | 0-0: Ground out U3 (Groundball, 3) | Pitching: RHP Dave Smith | | Pinch Hitting: SHB Brian Price | 0-0: Ground out 5-3 (Groundball, 5) | Batting: RHB Jesús Gonzáles | 0-0: Called Strike 0-1: Ball 1-1: Fly out, F9 (Line Drive, 9) | Bottom of the 7th over - 0 runs, 0 hits, 0 errors, 0 left on base; Greenville 4 - Orlando 4 | TOP OF THE 8TH |
---|
Greenville 84s batting - Pitching for Orlando Calrissian : RHP Gerardo García | Now at 3B: Brian Price | | Batting: LHB Robert Moore | 0-0: Ball 1-0: Foul Ball, location: 2F 1-1: Ball 2-1: Ball 3-1: Base on Balls | Batting: LHB Chris Moore | 0-0: Sac Bunt - play at first, batter OUT! 2-4 Robert Moore to second | Batting: RHB Carlos Torres | 0-0: Fly out, F8 (Flyball, 8RD) | Batting: LHB Paco Rosas | 0-0: Called Strike 0-1: Foul Ball, location: 2F 0-2: Foul Ball, location: 2F 0-2: Foul Ball, location: 2F 0-2: Ball 1-2: DOUBLE (Flyball, 89XD) Robert Moore scores | Batting: RHB Enzo Díaz | 0-0: Called Strike 0-1: Ball 1-1: Ball 2-1: Ball 3-1: Called Strike 3-2: Base on Balls | Batting: LHB Juan Cortés | 0-0: Called Strike 0-1: Ball 1-1: Called Strike 1-2: Ball 2-2: DOUBLE (Flyball, 8LXD) Paco Rosas scores Enzo Díaz to third Runner from 3rd tries for Home, throw and OUT! | Top of the 8th over - 2 runs, 2 hits, 0 errors, 1 left on base; Greenville 6 - Orlando 4 | BOTTOM OF THE 8TH |
---|
Orlando Calrissian batting - Pitching for Greenville 84s : RHP Dave Smith | Batting: LHB Craig Kenney | 0-0: Swinging Strike 0-1: Ball 1-1: Called Strike 1-2: Ball 2-2: Foul Ball, location: 2F 2-2: Ball 3-2: Ground out 4-3 (Groundball, 4D) | Batting: RHB Rich Anderson | 0-0: Foul Ball, location: 2F 0-1: SINGLE (Groundball, 4MD) | Batting: RHB Raúl Canó | 0-0: Ball 1-0: Foul Ball, location: 2F 1-1: Foul Ball, location: 2F 1-2: Fielders Choice at 2nd, 4-6 (Groundball, 4) | Batting: SHB Tim Abbott | 0-0: Swinging Strike 0-1: Ball 1-1: Foul Ball, location: 2F 1-2: Ball 2-2: Strikes out swinging | Bottom of the 8th over - 0 runs, 1 hit, 0 errors, 1 left on base; Greenville 6 - Orlando 4 | TOP OF THE 9TH |
---|
Greenville 84s batting - Pitching for Orlando Calrissian : RHP Gerardo García | Pitching: RHP Will Huggins | | Batting: LHB Brock Larsen | 0-0: Fly out, F7 (Flyball, 78S) | Batting: LHB Jimmy Vickers | 0-0: Foul Ball, location: 2F 0-1: Ball 1-1: Ball 2-1: Ball 3-1: Base on Balls | Batting: RHB Robert Buckley | 0-0: Called Strike 0-1: Foul Ball, location: 2F 0-2: Ball 1-2: Fly out, F9 (Flyball, 89M) | Batting: LHB Robert Moore | 0-0: Called Strike 0-1: Called Strike 0-2: Strikes out looking | Top of the 9th over - 0 runs, 0 hits, 0 errors, 1 left on base; Greenville 6 - Orlando 4 | BOTTOM OF THE 9TH |
---|
Orlando Calrissian batting - Pitching for Greenville 84s : RHP Dave Smith | Pitching: LHP Francisco Ríos | | Batting: RHB Júlio Negrón | 0-0: Called Strike 0-1: Swinging Strike 0-2: Ball 1-2: Ball 2-2: Ball 3-2: Strikes out swinging | Batting: LHB Juan Colón | 0-0: Ball 1-0: Ball 2-0: Called Strike 2-1: Ball 3-1: Swinging Strike 3-2: Strikes out swinging | Batting: LHB Danny Allen | 0-0: Ball 1-0: Called Strike 1-1: Foul Ball, location: 2F 1-2: Foul Ball, location: 2F 1-2: Ground out 3-1 (Groundball, 34S) | Bottom of the 9th over - 0 runs, 0 hits, 0 errors, 0 left on base; Greenville 6 - Orlando 4 | |